Map: Fear and Faith LE

Players

sad - Winner!

  • Race: Protoss Protoss
  • League: Platinum

Luminox

  • Race: Protoss Protoss
  • League: Diamond

VOD

Have the link to the VOD?

Description

Check 4:12 – he viewed my units at fog.

Check around 5 mins Denied my first warp prism – knows exactly the location and route

Check around 9 mins Denied another warp prism – knows the location and trajectory route

REVIEW AND BAN THIS PLAYER

Time

  • Played on: Oct. 26, 2026, 8:49 a.m.
  • Length: 9:25
Show
View Real Time Build Order
Export as new Build Order

sad Protoss - Winner!

Build Orders:  

Get SALT Encoding   

  12  0:01  Probe  
  13  0:13  Probe  
  14  0:24  Pylon  
  14  0:26  Probe  
  15  0:42  Probe (Chrono Boost)  
  16  0:51  Probe (Chrono Boost)  
  16  0:53  Assimilator  
  16  0:56  Probe (Chrono Boost)  
  17  0:59  Gateway  
  18  1:04  Pylon  
  18  1:08  Probe (Chrono Boost)  
  19  1:14  Assimilator  
  19  1:22  Probe (Chrono Boost)  
  20  1:27  Assimilator  
  20  1:33  Probe  
  21  1:46  Probe  
  22  1:47  Cybernetics Core  
  22  1:50  Pylon  
  22  1:58  Probe  
  23  2:02  Pylon  
  23  2:10  Probe  
  24  2:21  Stalker (Chrono Boost)  
  24  2:22  Probe  
  25  2:26  Warp Gate  
  27  2:31  Shield Battery  
  27  2:37  Adept (Chrono Boost)  
  27  2:39  Pylon  
  29  2:52  Probe  
  29  2:53  Stargate  
  30  2:59  Pylon  
  30  3:08  Shield Battery  
  30  3:14  Stalker (Chrono Boost)  
  30  3:17  Probe  
  33  3:29  Probe  
  34  3:36  Void Ray  
  38  4:00  Probe  
  39  4:11  Gateway  
  39  4:16  Void Ray (Chrono Boost)  
  39  4:22  Shield Battery  
  43  4:28  Pylon  
  43  4:30  Stalker  
  41  5:01  Probe  
  41  5:14  Probe  
  41  5:21  Void Ray (Chrono Boost)  
  41  5:26  Probe, Nexus  
  46  5:33  Protoss Air Weapons Level 1  
  46  5:38  Probe  
  47  5:50  Pylon  
  47  5:51  Stalker  
  47  5:52  Stalker  
  47  5:55  Probe  
  52  6:07  Probe  
  52  6:08  Pylon  
  53  6:15  Stalker  
  53  6:17  Stalker  
  57  6:19  Probe  
  58  6:26  Forge  
  58  6:36  Robotics Facility  
  58  6:38  Probe  
  59  6:51  Probe  
  60  6:54  Probe  
  57  7:04  Probe  
  57  7:07  Probe  
  53  7:11  Protoss Ground Weapons Level 1  
  53  7:13  Photon Cannon  
  51  7:15  Photon Cannon  
  51  7:16  Probe  
  52  7:29  Probe  
  49  7:30  Void Ray (Chrono Boost)  
  49  7:41  Shield Battery, Probe  
  49  7:42  Assimilator  
  50  7:46  Forge  
  50  7:48  Observer  
  51  7:55  Probe (Chrono Boost)  
  52  7:58  Twilight Council  
  52  8:05  Shield Battery  
  53  8:07  Probe (Chrono Boost)  
  53  8:09  Pylon  
  53  8:12  Probe (Chrono Boost)  
  53  8:15  Void Ray (Chrono Boost)  
  58  8:24  Probe  
  59  8:33  Assimilator  
  59  8:35  Stalker  
  59  8:37  Probe  
  62  8:41  Stalker  
  64  8:49  Observer  
  64  8:50  Probe  
  66  8:57  Templar Archives  
  66  9:03  Stalker  
  72  9:23  Stalker  
Show
View Real Time Build Order
Export as new Build Order

Luminox Protoss 

Build Orders:  

Get SALT Encoding   

  12  0:02  Probe  
  13  0:16  Probe  
  14  0:22  Pylon  
  14  0:28  Probe  
  15  0:40  Probe  
  15  0:42  Gateway  
  16  0:45  Assimilator  
  16  0:52  Probe  
  17  1:04  Probe  
  18  1:16  Probe  
  19  1:28  Probe  
  19  1:30  Zealot  
  22  1:33  Cybernetics Core, Pylon  
  22  1:44  Probe  
  23  1:57  Zealot  
  25  2:07  Warp Gate (Chrono Boost)  
  25  2:11  Shield Battery  
  25  2:17  Pylon  
  25  2:21  Adept  
  25  2:24  Pylon  
  27  2:37  Probe  
  27  2:38  Robotics Facility  
  28  2:50  Assimilator  
  28  2:53  Adept  
  28  2:56  Gateway  
  30  2:59  Gateway  
  30  3:11  Probe  
  31  3:13  Pylon  
  31  3:31  Warp Prism (Chrono Boost)  
  33  3:41  Pylon  
  33  3:48  Pylon  
  33  3:54  Probe  
  34  4:01  Gateway  
  34  4:07  Adept  
  36  4:20  Adept  
  38  4:27  Sentry  
  38  4:28  Sentry  
  38  5:01  Twilight Council  
  28  5:21  Shield Battery  
  28  5:28  Probe  
  29  5:31  Sentry  
  31  5:40  Gateway  
  31  5:41  Pylon  
  31  5:42  Observer  
  32  5:51  Dark Shrine  
  32  6:03  Charge  
  32  6:05  Nexus  
  32  6:25  Immortal (Chrono Boost)  
  36  6:39  Stalker x3  
  42  6:40  Stalker  
  44  6:47  Pylon  
  44  7:02  Stalker  
  30  7:15  Sentry x2  
  34  7:23  Stalker x2  
  37  7:49  Nexus  
  36  7:52  Pylon  
  36  7:56  Warp Prism  
  36  8:05  Probe (Chrono Boost)  
  39  8:17  Probe (Chrono Boost)  
  40  8:24  Probe (Chrono Boost)  
  41  8:29  Sentry x2  
  41  8:30  Zealot x3  
  41  8:31  Probe  
  52  8:35  Observer  
  53  8:43  Probe  
  54  8:53  Pylon  
  54  9:01  Pylon  
Tags
 
Add a new tag
Caveats
  • Supply blocks, unpowered buildings, or Contaminate may cause inaccurate times.
  • Supply counts are checked every 10 seconds.